 Dungeon Crawl Stone Soup version 0.24.1-5-g77f818bfca (webtiles) character file.

Game seed: 6444265746298888583, levelgen mode: deterministic

12875 Amplified the Geomancer (level 11, -22/91 HPs)
             Began as a Demigod Earth Elementalist on Apr 26, 2020.
             Annihilated by a phantasmal warrior (24 damage)
             ... led by a death knight
             ... on level 10 of the Dungeon.
             The game lasted 00:33:36 (15167 turns).

Amplified the Geomancer (DgEE)                     Turns: 15167, Time: 00:33:37

Health: -22/91     AC: 12    Str: 18    XL:     11   Next: 41%
Magic:  2/27       EV: 16    Int: 31    God:
Gold:   2007       SH:  3    Dex: 16    Spells: 4/27 levels left

rFire    . . .     SeeInvis .   a - +2 short sword (holy)
rCold    . . .     Gourm    .   (no shield)
rNeg     . . .     Faith    .   F - +0 troll leather armour
rPois    +         Spirit   .   (no helmet)
rElec    +         Reflect  +   j - +1 cloak
rCorr    .         Harm     .   x - +0 pair of gloves "Rouc" {rElec MR- Int+6}
MR       .....                  K - +0 pair of boots
Stlth    ++........             l - +3 amulet of reflection
HPRegen  0.65/turn              B - ring of poison resistance
MPRegen  0.20/turn              E - +1 ring of slaying

@: mighty, vulnerable
A: slimy green scales 1, clever 1, high mp 1
a: no special abilities


You were on level 10 of the Dungeon.
You were not hungry.

You visited 1 branch of the dungeon, and saw 11 of its levels.
You also visited: Sewer.

You collected 2119 gold pieces.
You spent 112 gold pieces at shops.

Inventory:

Hand Weapons
 a - a +2 short sword of holy wrath (weapon)
 g - a +4 scimitar of flaming
 p - a +1 antimagic dagger
 w - a +1 dagger of venom
 z - the cursed +3 dire flail of Destruction {freeze, rElec rC+ Int+4 Stlth-}
   (You found it on level 8 of the Dungeon)

   It has been specially enchanted to freeze those struck by it, causing extra
   injury to most foes and up to half again as much damage against particularly
   susceptible opponents.
   It can also slow down cold-blooded creatures.
   It affects your intelligence (+4).
   It protects you from cold.
   It insulates you from electricity.
   It makes you less stealthy.
   It has a curse placed upon it.
Missiles
 b - 257 stones
 h - 8 boomerangs
 t - 26 poisoned darts (quivered)
Armour
 c - a +0 robe
 j - a +1 cloak (worn)
 o - a +0 large shield
 r - a +1 pair of gloves
 x - the +0 pair of gloves "Rouc" (worn) {rElec MR- Int+6}
   (You acquired it on level 6 of the Dungeon)

   It affects your intelligence (+6).
   It insulates you from electricity.
   It affects your resistance to hostile enchantments.
 F - a +0 troll leather armour (worn)
 K - a +0 pair of boots (worn)
Magical Staves
 q - an uncursed staff of conjuration
Jewellery
 l - a +3 amulet of reflection (around neck)
 m - an uncursed ring of fire
 B - a ring of poison resistance (left hand)
 E - a +1 ring of slaying (right hand)
 H - an uncursed ring of positive energy
 J - a cursed amulet of inaccuracy {unknown}
 L - a +4 ring of dexterity {unknown}
Wands
 s - a wand of flame (44)
 C - a wand of scattershot (2)
Scrolls
 e - a scroll of fog
 i - 5 scrolls of remove curse
 y - 2 scrolls of identify
 A - 3 scrolls of teleportation
Potions
 f - a potion of mutation
 k - 2 potions of curing
 u - 2 potions of brilliance
 v - 2 potions of flight
 G - a potion of haste
Miscellaneous
 D - a sack of spiders
Comestibles
 d - 18 rations


   Skills:
 + Level 6.4 Fighting
 - Level 2.7 Short Blades
 + Level 6.4 Armour
 + Level 6.9 Dodging
 - Level 1.7 Stealth
 * Level 8.5 Spellcasting
 * Level 2.8 Necromancy
 - Level 0.8 Transmutations
 * Level 9.0 Earth Magic


You had 4 spell levels left.
You knew the following spells:

 Your Spells              Type           Power        Failure   Level  Hunger
a - Sandblast             Erth           ######       1%          1    None
b - Passwall              Tmut/Erth      #####...     1%          2    None
c - Stone Arrow           Conj/Erth      #####.       1%          3    None
d - Petrify               Tmut/Erth      #####...     6%          4    None
e - Lee's Rapid Deconstr  Erth           ######....   3%          5    ####...
f - Ozocubu's Armour      Chrm/Ice       ##......     13%         3    None
g - Borgnjor's Vile Clut  Necr/Erth      ######....   11%         5    ####...

Your spell library contained the following spells:

 Spells                   Type           Power        Failure   Level  Hunger
 Animate Skeleton         Necr           N/A          1%          1    None
 Freeze                   Ice            ##..         4%          1    None
 Sting                    Conj/Pois      ##..         4%          1    None
 Throw Frost              Conj/Ice       ##....       7%          2    None
 Dazzling Spray           Conj/Hex       ##....       13%         3    None
 Summon Ice Beast         Ice/Summ       ##......     41%         4    None
 Throw Icicle             Conj/Ice       ##......     41%         4    None
 Agony                    Necr           ####....     36%         5    ####...
 Irradiate                Conj/Tmut      ###.......   71%         5    ####...


Dungeon Overview and Level Annotations

Branches:
Dungeon (11/15)            Temple (0/1) D:4            Lair (0/6) D:10
  Sewer (visited)
    Orc: D:9-12

Shops:
D:8 *}*[

Portals:
Trove: D:10 (give +6 fire dragon scales)

Annotations:
D:5 Sigmund
D:8 Bees


Innate Abilities, Weirdness & Mutations

You have an increased reservoir of magic. (+10% MP)
You are partially covered in slimy green scales. (AC +2)
Your mind is acute. (Int +2)


Message History

The phantasmal warrior is almost destroyed.
The phantasmal warrior misses you.
Evoke which item? (* to show all) (? for menu, Esc to quit)
Aiming: Scattershot
Press: ? - help, Shift-Dir - straight line, f/p - phantasmal warrior
Aim: a phantasmal warrior (almost destroyed)
The burst of metal fragments hits the phantasmal warrior but does no damage. x3
The phantasmal warrior is almost destroyed.
The phantasmal warrior hits you!
* * * LOW HITPOINT WARNING * * *
Okay, then.
Evoke which item? (* to show all) (? for menu, Esc to quit)
Aiming: Scattershot
Press: ? - help, Shift-Dir - straight line, f/p - phantasmal warrior
Aim: a phantasmal warrior (almost destroyed)
The burst of metal fragments hits the phantasmal warrior.
The burst of metal fragments hits the phantasmal warrior but does no damage. x2
The phantasmal warrior is almost destroyed.
The phantasmal warrior hits you!!
You die...

#....########......#.
#..................##
#.....##...........##
#.....##...........#.
#..}..##...........#.
#.....##...........#.
#.....##...........#.
#..................'.
#..>@W.##'#####+####.
#.##...'..........##.
#.##...#..........##.
#.##...#..........##.
#.##...#..........##.
#......#..........##.
#......#############.
#..................##
#.#############....#


You could see a phantasmal warrior.

Vanquished Creatures
  Harold (D:7)
  2 hydras
  A two-headed ogre (D:10)
  Pikel (D:5)
  2 ugly things (D:8)
  2 centaur zombies
  An efreet (D:8)
  2 trolls
  A hornet (D:8)
  3 hippogriffs
  2 dream sheep (D:9)
  11 yaks
  Duvessa (D:5)
  An ice beast (D:7)
  2 orc warriors
  4 slaves (D:5)
  4 phantoms
  6 sky beasts
  6 ogres
  2 centaurs (D:5)
  6 big kobolds
  Blork the orc (D:5)
  2 bullfrogs
  A gnoll sergeant (D:7)
  Dowan (D:5)
  A wyvern skeleton (D:10)
  2 scorpions
  11 wights
  6 killer bees (D:8)
  4 electric eels (D:10)
  4 crimson imps
  A jelly (D:8)
  5 hounds
  8 orc priests
  3 bullfrog skeletons
  3 iguanas
  6 orc wizards
  5 worker ants
  A hound skeleton (D:7)
  A hound zombie (D:8)
  A worker ant zombie (D:5)
  11 gnolls
  16 adders
  5 river rats
  5 shadow imps
  An adder skeleton (D:9)
  4 worms
  3 dart slugs
  6 leopard geckos
  34 orcs
  9 ball pythons
  10 giant cockroaches
  11 goblins
  4 hobgoblins
  18 jackals
  2 quokkas
  9 bats
  5 frilled lizards
  27 kobolds
  A leopard gecko skeleton (D:6)
  2 quokka skeletons (D:5)
  28 rats
339 creatures vanquished.

Notes
Turn   | Place    | Note
-------+----------+-------------------------------------------
     0 | D:1      | Amplified the Demigod Earth Elementalist began the quest
                  | for the Orb.
     0 | D:1      | Reached XP level 1. HP: 14/14 MP: 5/5
   550 | D:1      | Reached XP level 2. HP: 12/22 MP: 7/7
  1641 | D:2      | Reached skill level 3 in Earth Magic
  1646 | D:2      | Reached XP level 3. HP: 18/27 MP: 8/8
  1802 | D:2      | Reached skill level 1 in Fighting
  1896 | D:2      | Reached skill level 1 in Armour
  2034 | D:2      | Reached XP level 4. HP: 30/35 MP: 7/10
  2543 | D:3      | Reached skill level 1 in Short Blades
  2894 | D:3      | Reached XP level 5. HP: 24/40 MP: 7/11
  3138 | D:3      | Learned a level 2 spell: Passwall
  3142 | D:3      | Learned a level 3 spell: Stone Arrow
  4286 | D:4      | Reached XP level 6. HP: 39/48 MP: 12/12
  4548 | D:4      | Learned a level 4 spell: Petrify
  5007 | D:4      | Found a burning altar of Makhleb.
  5240 | D:4      | You fall into a shaft and drop 1 floor!
  5240 | D:5      | Entered Level 5 of the Dungeon
  5276 | D:4      | Found a sparkling altar of Nemelex Xobeh.
  5276 | D:4      | Found an opulent altar of Gozag.
  5306 | D:4      | Reached skill level 4 in Earth Magic
  5306 | D:4      | Reached XP level 7. HP: 18/56 MP: 8/14
  5664 | D:4      | Found a staircase to the Ecumenical Temple.
  5724 | D:5      | HP: 2/56 [centaur/arrow (15)]
  6053 | D:5      | Noticed Duvessa
  6056 | D:5      | Noticed Dowan
  6064 | D:5      | Killed Duvessa
  6070 | D:5      | Killed Dowan
  6423 | D:5      | Noticed Pikel
  6652 | D:5      | Noticed Blork the orc
  6658 | D:5      | Killed Blork the orc
  6933 | D:5      | Reached skill level 5 in Earth Magic
  6933 | D:5      | Reached XP level 8. HP: 51/63 MP: 6/17
  7068 | D:5      | Killed Pikel
  7173 | D:5      | Found a glowing golden altar of the Shining One.
  7173 | D:5      | Found an iron altar of Okawaru.
  7173 | D:5      | Noticed a hippogriff
  7307 | D:5      | Found a shimmering blue altar of Sif Muna.
  7307 | D:5      | Noticed Sigmund
  7311 | D:5      | Found a blossoming altar of Fedhas.
  7754 | D:6      | Found a glowing drain.
  7779 | Sewer    | Entered a sewer
  7818 | Sewer    | Learned a level 5 spell: Lee's Rapid Deconstruction
  8029 | Sewer    | Reached skill level 5 in Spellcasting
  8168 | Sewer    | Reached skill level 6 in Earth Magic
  8667 | D:6      | Identified a scroll of acquirement
  8670 | D:6      | Got a pair of brightly glowing gloves
  8681 | D:6      | Identified the +0 pair of gloves "Rouc" {rElec MR- Int+6}
                  | (You acquired it on level 6 of the Dungeon)
  8947 | D:7      | Noticed a hippogriff
  8962 | D:7      | Killed a hippogriff
  8962 | D:7      | Reached XP level 9. HP: 40/71 MP: 9/20
  9125 | D:8      | Found Koity's General Store.
  9161 | D:8      | Bought a potion of mutation for 112 gold pieces
  9161 | D:8      | Gained mutation: Your mind is acute. (Int +2) [potion of
                  | mutation]
  9161 | D:8      | Gained mutation: You are partially covered in slimy green
                  | scales. (AC +2) [potion of mutation]
  9267 | D:8      | Found an ornate altar of the Wu Jian Council.
  9267 | D:8      | Found a glowing silver altar of Zin.
  9347 | D:8      | Found Cita Facs's Armour Shoppe.
  9678 | D:9      | Reached skill level 5 in Dodging
  9951 | D:9      | Reached skill level 7 in Earth Magic
 10281 | D:9      | Noticed a three-headed hydra
 10310 | D:10     | Entered Level 10 of the Dungeon
 10357 | D:10     | Reached skill level 5 in Armour
 10396 | D:10     | Reached skill level 5 in Fighting
 10443 | D:10     | Reached XP level 10. HP: 68/81 MP: 11/23
 10746 | D:8      | Noticed a cyan ugly thing
 10799 | D:8      | Found a snail-covered altar of Cheibriados.
 10996 | D:8      | Found Ritemn's Gadget Shop.
 11045 | D:8      | Found Vauckaga's Assorted Antiques.
 11102 | D:8      | Killed a cyan ugly thing
 11106 | D:8      | Paralysed by a hornet for 1 turns
 11113 | D:8      | Reached skill level 8 in Earth Magic
 11307 | D:8      | Noticed a purple ugly thing
 11325 | D:8      | Killed a purple ugly thing
 11332 | D:8      | Got an encrusted dire flail
 11382 | D:8      | Noticed a seven-headed hydra
 11793 | D:7      | Identified the cursed +3 dire flail of Destruction {freeze,
                  | rElec rC+ Int+4 Stlth-} (You found it on level 8 of the
                  | Dungeon)
 12239 | D:7      | Noticed Harold
 12265 | D:7      | Killed Harold
 12684 | D:7      | Learned a level 3 spell: Ozocubu's Armour
 12890 | D:8      | Killed a seven-headed hydra
 12890 | D:8      | Reached XP level 11. HP: 46/89 MP: 2/27
 12920 | D:8      | Got a slimy leather armour
 13266 | D:8      | Identified the Almanac of Necromancy and Confrontation
 13361 | D:8      | Learned a level 5 spell: Borgnjor's Vile Clutch
 13599 | D:9      | Reached skill level 1 in Necromancy
 13983 | D:9      | Identified the +1 leather armour of Magic {rF- rC+ Regen+}
                  | (You found it on level 8 of the Dungeon)
 14045 | D:9      | Found a shadowy altar of Dithmenos.
 14158 | D:9      | Killed a three-headed hydra
 14376 | D:10     | Noticed a two-headed ogre
 14386 | D:10     | Killed a two-headed ogre
 14386 | D:10     | Reached skill level 9 in Earth Magic
 14776 | D:10     | Found a staircase to the Lair.
 14820 | D:10     | Found a portal to a secret trove of treasure.
 15144 | D:11     | Noticed a phantasmal warrior
 15166 | D:10     | HP: 1/91 [phantasmal warrior[a death knight] (17)]
 15167 | D:10     | Annihilated by a phantasmal warrior

Levels and vault maps discovered:
D:1:      dpeg_arrival_boxes_within_box, layout_basic, st_stairs_13,
          roderic_filled_cross
D:2:      layout_loops_ring, first_ration
D:3:      layout_loops_corners, minmay_fountain_box
D:4:      layout_loops_ring, grunt_temple_overflow_opulence,
          nicolae_overflow_crystal_walls, minmay_temple_entry_enclosed_plants
D:5:      layout_basic, grunt_temple_overflow_open, uniq_blork_the_orc,
          uniq_pikel, uniq_duvessa, uniq_sigmund
D:6:      layout_gridville, portal_sewer_entry_e,
          chequers_serial_rivers_micro_b, glass_columns_a
D:7:      layout_loops_ring, uniq_harold
D:8:      minmay_the_grid_octo_triangle [minmay_the_grid_octo_odd_swirl,
          minmay_the_grid_octo_prize_single_spiral, minmay_the_grid_octo_focus],
          layout_rooms, gammafunk_temple_overflow_statue, marbit_many_paths,
          serial_shops, nicolae_shop_waterfront, nicolae_shop_trees, shop,
          nicolae_shop_statue_plus
D:9:      layout_basic, hangedman_ranch [blue_anna_fruit_fields],
          minmay_statues_item, grunt_dithmenos_smoke
D:10:     layout_stronghold, lair_entry_dummy, enter_trove_0, chequers_big_river
D:11:     layout_cave_pods, david_orc_2, uniq_erolcha

Skill      XL: |  1  2  3  4  5  6  7  8  9 10 11 |
---------------+----------------------------------+-----
Dodging        | 2 3 4 5 6 |  6.9
Spellcasting   | 2 3 4 5 6 7 8 |  8.5
Earth Magic    | 3 4 5 6 7 8 9 |  9.0
Fighting       | 1 2 3 4 5 6 |  6.4
Armour         | 1 2 3 4 5 6 |  6.4
Short Blades   | 1 2 |  2.7
Necromancy     | 2 |  2.8
Stealth        | |  1.7
Transmutations | |  0.8

Action                   |  1- 3 |  4- 6 |  7- 9 | 10-12 || total
-------------------------+-------+-------+-------+-------++-------
Melee: Short sword       |   106 |   247 |   413 |    79 ||   845
       Dagger            |       |       |    63 |   282 ||   345
Throw: Stone             |       |     5 |       |       ||     5
       Dart              |       |       |       |     2 ||     2
 Cast: Sandblast         |    19 |    49 |     5 |     6 ||    79
       Stone Arrow       |       |     6 |    99 |    77 ||   182
       Passwall          |       |       |     6 |       ||     6
       Petrify           |       |       |    16 |    12 ||    28
       Borgnjor's Vile C |       |       |       |     8 ||     8
       Ozocubu's Armour  |       |       |       |     1 ||     1
       Lee's Rapid Decon |       |       |       |     1 ||     1
Evoke: Wand              |       |     1 |    13 |     5 ||    19
  Use: Scroll            |     1 |    11 |    12 |     5 ||    29
       Potion            |     1 |     4 |     8 |    12 ||    25
 Stab: Sleeping          |     1 |     3 |     8 |     4 ||    16
       Distracted        |       |     1 |       |       ||     1
       Petrified         |       |       |    15 |    27 ||    42
       Petrifying        |       |       |     3 |       ||     3
  Eat: Chunk             |     4 |    11 |    10 |    13 ||    38
       Ration            |       |       |     4 |     2 ||     6
Armor: Robe              |    26 |    44 |   120 |    73 ||   263
       Skin              |       |    12 |       |       ||    12
       Troll leather arm |       |       |       |     8 ||     8
       Leather armour    |       |       |       |     1 ||     1
Dodge: Dodged            |    77 |   139 |   493 |   245 ||   954
Block: Other             |       |    29 |    65 |    37 ||   131
       Reflection        |       |       |     1 |     1 ||     2
